 Dungeon Crawl Stone Soup version 0.31-a0-233-g139696dc86 (webtiles) character file.

Game seed: 8971759234036715796

96 qw the Shooter (level 4, 0/26 HPs)
             Began as a Gargoyle Hexslinger on July 8, 2023.
             Slain by Terence
             ... wielding a +0 flail
              (4 damage)
             ... on level 3 of the Dungeon.
             The game lasted 00:00:37 (1582 turns).

qw the Shooter (Gargoyle Hexslinger)                Turns: 1582, Time: 00:00:38

Health: 0/26       AC: 10    Str: 11    XL:     4   Next: 67%
Magic:  5/5        EV: 10    Int: 14    God:
Gold:   24         SH:  0    Dex: 14    Spells: 4/5 levels left

rFire   . . .        k - +2 sling (heavy)
rCold   . . .        (no shield)
rNeg    + . .        i - +0 ring mail
rPois   inf          (no helmet)
rElec   +            (no cloak)
rCorr   .            e - +0 pair of gloves
SInv    .            c - +0 pair of boots
Will    .....        (no amulet)
Stlth   +            (no ring)
HPRegen 0.24/turn    (no ring)
MPRegen 0.09/turn

%: no passive effects
@: mighty
A: sickness immunity, AC +3, negative energy resistance 1, electricity
resistance, torment resistance 1, petrification resistance
a: no special abilities


You were on level 3 of the Dungeon.
You visited 1 branch of the dungeon, and saw 3 of its levels.

You collected 102 gold pieces.
You spent 78 gold pieces at shops.


Innate Abilities, Weirdness & Mutations

You are immune to sickness and miasma.
Your stone body is resilient. (AC +3)
You are immune to poison.
You resist negative energy. (rN+)
You are resistant to electric shocks. (rElec)
You are resistant to unholy torment.
You are immune to petrification.


   Skills:
 - Level 2.0 Fighting
 + Level 4.2 Ranged Weapons
 - Level 1.0 Armour
 - Level 1.5 Dodging
 - Level 1.0 Spellcasting
 - Level 2.6 Hexes


You had 4 spell levels left.
You knew the following spells:

 Your Spells              Type           Power      Damage    Failure   Level
a - Slow                  Hex            32%        N/A       21%         1

Your spell library contained the following spells:

 Spells                   Type           Power      Damage    Failure   Level
 Inner Flame              Hex/Fire       4%         N/A       71%         3
 Portal Projectile        Hex/Tloc       8%         N/A       71%         3
 Cause Fear               Hex            4%         N/A       90%         4

Inventory:

Hand Weapons
 k - a +2 heavy sling (weapon)
Armour
 c - a +0 pair of boots (worn)
 e - a +0 pair of gloves (worn)
 i - a +0 ring mail (worn)
Scrolls
 b - a scroll of identify
 d - 2 scrolls of teleportation
Potions
 a - a potion of ambrosia {unknown}
 f - 2 potions of might
 g - 2 potions of curing

Dungeon Overview and Level Annotations

Branches:
Dungeon (3/15)

Altars:
Gozag

Shops:
D:2 !

Annotations:
D:3 Robin, Terence


Message History

The adder bites you but does no damage.
Terence the Incautious comes into view.
He is wielding a +0 flail.
You shoot a sling bullet. The sling bullet hits the adder!
The adder is severely wounded.
The adder bites you but does no damage.
A goblin comes into view. It is wielding a +0 dagger.
The adder bites you but does no damage. The goblin hits you but does no damage.
Terence screams, "I want your blood!"
Robin of the Strong Arm comes into view.
They are wielding a +0 club.
The adder barely misses you.
You shoot a sling bullet. The sling bullet hits the adder!
You kill the adder!
The goblin hits you but does no damage.
Robin roars a battlecry!
The goblins go into a battle-frenzy!
The goblin hits you but does no damage.
A quokka comes into view.
The goblin hits you but does no damage. The goblin misses you.
The goblin hits you but does no damage.
You shoot a sling bullet. The sling bullet hits the goblin!
You kill the goblin!
The goblin hits you but does no damage. x2; The goblin unwields a +0 sling.
The goblin wields a +0 dagger.
The goblin hits you with a +0 dagger.
Terence screams, "I'm going to kill you!"
The goblin hits you with a +0 club.
The goblin hits you but does no damage. x2
The goblin closely misses you.
You shoot a sling bullet.
The sling bullet closely misses the goblin.
The sling bullet hits Robin!
Robin is severely wounded.
The goblin hits you with a +0 club. The goblin barely misses you. x2
Terence hits you with a +0 flail. The goblin hits you with a +0 club.
The goblin hits you but does no damage. x3
You shoot a sling bullet.
The sling bullet closely misses Terence.
Terence hits you with a +0 flail. The goblin hits you with a +0 club.
The goblin hits you but does no damage. The goblin hits you with a +0 dagger.
Robin throws the goblin at you!
The goblin hits you but does no damage. x2
The goblin barely misses you. Terence hits you with a +0 flail.
You die...

.........<....%
...............
#.............
#..^.....)...
#......)....
######..g.r.....
.......@g)g.....
###g@gg.....
..#.#g.$....
#.#.##....##
#.#.# #####
##.#.#
#..#'######
#.#.......#
#.'.......#
###.......#


You could see Terence, Robin, a quokka, a hobgoblin (strong) and 5 goblins.

Vanquished Creatures
  5 adders
  A worm (D:2)
  5 bats
  3 endoplasms
  A giant cockroach (D:1)
  9 goblins
  4 hobgoblins
  3 jackals (D:1)
  3 kobolds
  A quokka (D:1)
  6 ball pythons
  A frilled lizard (D:1)
  4 rats
46 creatures vanquished.

Notes
Turn   | Place    | Note
-------+----------+-------------------------------------------
     0 | D:1      | qw the Gargoyle Hexslinger began the quest for the Orb.
     0 | D:1      | Reached XP level 1. HP: 12/12 MP: 2/2
     0 | D:1      | 0 ||| qw: Version: 0.3-a-46-gb1f654a
     0 | D:1      | 0 ||| qw: Game counter: 3718
     0 | D:1      | 0 ||| qw: Melee chars always use a shield: true
     0 | D:1      | 0 ||| qw: God list: Okawaru
     0 | D:1      | 0 ||| qw: Allow faded altars: false
     0 | D:1      | 0 ||| qw: Do Orc after clearing Dungeon:15 true
     0 | D:1      | 0 ||| qw: Do second Lair branch before Depths: true
     0 | D:1      | 0 ||| qw: Lair rune preference: random
     0 | D:1      | 0 ||| qw: Goals: Normal
     0 | D:1      | 0 ||| PLANNING D:1-11
   240 | D:1      | Reached XP level 2. HP: 16/16 MP: 3/3
   363 | D:1      | Reached skill level 3 in Ranged Weapons
   411 | D:1      | Reached XP level 3. HP: 21/21 MP: 4/4
   843 | D:1      | 843 ||| UPGRADING to +0 pair of gloves.
   848 | D:1      | 848 ||| UPGRADING to +0 ring mail.
   858 | D:1      | 858 ||| DROPPING +0 robe.
   859 | D:1      | 859 ||| READING scroll labelled NOULIO KIURO.
   860 | D:1      | 860 ||| READING scroll labelled MAKENNAURU.
   861 | D:1      | 861 ||| READING scroll labelled ZEN NOAFEMP.
   862 | D:1      | 862 ||| DROPPING scroll of poison.
   992 | D:2      | Reached skill level 1 in Armour
  1144 | D:2      | Found Tefify's Distillery.
  1152 | D:2      | 1152 ||| SHOPLISTING 2 potions of mutation (208 gold, have
                  | 80).
  1152 | D:2      | 1152 ||| SHOPLISTING potion of cancellation (104 gold, have
                  | 80).
  1152 | D:2      | 1152 ||| BUYING potion of curing (39 gold).
  1152 | D:2      | Bought a potion of curing for 39 gold pieces
  1152 | D:2      | 1152 ||| BUYING potion of curing (39 gold).
  1152 | D:2      | Bought a potion of curing for 39 gold pieces
  1152 | D:2      | 1152 ||| SHOPLISTING potion of might (52 gold, have 2).
  1152 | D:2      | 1152 ||| SHOPLISTING potion of mutation (104 gold, have 2).
  1204 | D:2      | Reached XP level 4. HP: 23/26 MP: 5/5
  1313 | D:2      | Found an opulent altar of Gozag.
  1536 | D:2      | 1536 ||| UPGRADING to +0 pair of boots.
  1541 | D:2      | 1541 ||| READING 3 scrolls labelled WUHEEF MOON.
  1546 | D:2      | 1546 ||| READING scroll labelled HUETHR ULOTA.
  1547 | D:2      | 1547 ||| READING scroll labelled YCAEWO ILOEDE.
  1548 | D:2      | 1548 ||| READING scroll labelled ONOYFEVUAT.
  1549 | D:2      | 1549 ||| DRINKING 3 black potions.
  1560 | D:3      | Reached skill level 4 in Ranged Weapons
  1577 | D:3      | Noticed Terence
  1578 | D:3      | Noticed Robin
  1582 | D:3      | HP: 4/26 [goblin/+0 dagger[Robin] (5)]
  1582 | D:3      | Slain by Terence

Levels and vault maps discovered:
D:1:      dpeg_cavernosity, layout_basic
D:2:      layout_basic, serial_shops, nicolae_diamond_shop, basic_altar
D:3:      layout_basic, mainiacjoe_overflow_catch_the_wave,
          palyth_stone_intersect, dilly_guarded_unrand_throatcut, uniq_sigmund,
          uniq_terence, uniq_robin

Skill      XL: |  1  2  3  4 |
---------------+-------------+-----
Ranged Weapons | 3 4 |  4.2
Fighting       | 2 |  2.0
Armour         | 1 |  1.0
Dodging        | |  1.5
Spellcasting   | |  1.0
Hexes          | |  2.6

Action                     |  1- 3 |  4- 6 || total
---------------------------+-------+-------++-------
   Fire: Sling             |   122 |    25 ||   147
    Use: Scroll            |     3 |     4 ||     7
         Potion            |       |     1 ||     1
 Armour: Robe              |    13 |       ||    13
         Ring mail         |    15 |    25 ||    40
  Dodge: Dodged            |    51 |     6 ||    57

Table legend:
 A = Non-vault XP
 B = Vault XP
 C = Vault XP percentage of total XP
 D = Non-vault monster count
 E = Vault monster count
 F = Vault count percentage of total count
                 A         B        C        D         E       F
            +---------+---------+-------+---------+---------+-------
      Total |     124 |      14 |  10.1 |      37 |       9 |  19.6
            +---------+---------+-------+---------+---------+-------
        D:1 |      43 |       6 |  12.2 |      26 |       4 |  13.3
        D:2 |      55 |       0 |   0.0 |       9 |       0 |   0.0
        D:3 |      26 |       8 |  23.5 |       2 |       5 |  71.4
            +---------+---------+-------+---------+---------+-------
